PA
YELLOWKNIFE DRAGONBLOOD @ SOUTH BEACH BLAZE
08/18/2027
 
TOP OF THE 1ST
Yellowknife Dragonblood batting - Pitching for South Beach Blaze : LHP Toyozo Yoshida
Pitching: LHP Toyozo Yoshida
Batting: RHB Alejandro Bracamonte 0-0: Ball
1-0: Fly out, F8 (Flyball, 8LS)
Batting: RHB Sergio Peña 0-0: Called Strike
0-1: SINGLE (Line Drive, 9S)
Batting: SHB Miguel Herrera 0-0: Ball
Sergio Peña is caught stealing 2nd base
1-0: Ball
2-0: Called Strike
2-1: Swinging Strike
2-2: Foul Ball, location: 2F
2-2: Strikes out looking
Top of the 1st over - 0 run(s), 1 hit(s), 0 error(s), 0 left on base; Yellowknife 0 - South Beach 0
BOTTOM OF THE 1ST
South Beach Blaze batting - Pitching for Yellowknife Dragonblood : RHP Julián Menchaca
Pitching: RHP Julián Menchaca
Batting: RHB Greg Schiff 0-0: Ball
1-0: Ball
2-0: Foul Ball, location: 2F
2-1: Ball
3-1: Called Strike
3-2: SINGLE (Line Drive, 78M)
Batting: RHB Martinus Xhaka 0-0: Grounds into double play, 4-6-3 (Groundball, 4)
Batting: RHB Bastiaan Trommel 0-0: Ball
1-0: Fly out, F8 (Flyball, 8LM)
Bottom of the 1st over - 0 run(s), 1 hit(s), 0 error(s), 0 left on base; Yellowknife 0 - South Beach 0
TOP OF THE 2ND
Yellowknife Dragonblood batting - Pitching for South Beach Blaze : LHP Toyozo Yoshida
Batting: RHB Manny García 0-0: Swinging Strike
0-1: Ball
1-1: Foul Ball, location: 2F
1-2: Strikes out swinging
Batting: RHB Manuel Ramos 0-0: Foul Ball, location: 2F
0-1: Swinging Strike
0-2: Ball
1-2: Foul Ball, location: 2F
1-2: Strikes out swinging
Batting: RHB Orlando Moruga 0-0: Ball
1-0: Fly out, F8 (Flyball, 8RM)
Top of the 2nd over - 0 run(s), 0 hit(s), 0 error(s), 0 left on base; Yellowknife 0 - South Beach 0
BOTTOM OF THE 2ND
South Beach Blaze batting - Pitching for Yellowknife Dragonblood : RHP Julián Menchaca
Batting: LHB Ramiro Ramos 0-0: Foul Ball, location: 2F
0-1: Ball
1-1: Foul Ball, location: 2F
1-2: Ground out 4-3 (Groundball, 4)
Batting: RHB António Ramírez 0-0: Ball
1-0: Ball
2-0: Ball
3-0: Called Strike
3-1: Base on Balls
Batting: RHB Shizuo Heiwajaima 0-0: Called Strike
António Ramírez is caught stealing 2nd base
0-1: Foul Ball, location: 2F
0-2: Ball
1-2: Strikes out swinging
Bottom of the 2nd over - 0 run(s), 0 hit(s), 0 error(s), 0 left on base; Yellowknife 0 - South Beach 0
TOP OF THE 3RD
Yellowknife Dragonblood batting - Pitching for South Beach Blaze : LHP Toyozo Yoshida
Batting: RHB Chong-yee Au-Yong 0-0: Swinging Strike
0-1: Foul Ball, location: 2F
0-2: Foul Ball, location: 2F
0-2: Strikes out swinging
Batting: SHB Peer van Lochem 0-0: Called Strike
0-1: Fly out, F9 (Flyball, 89M)
Batting: SHB Barney Heise 0-0: Ball
1-0: Ball
2-0: Ground out 4-3 (Groundball, 4)
Top of the 3rd over - 0 run(s), 0 hit(s), 0 error(s), 0 left on base; Yellowknife 0 - South Beach 0
BOTTOM OF THE 3RD
South Beach Blaze batting - Pitching for Yellowknife Dragonblood : RHP Julián Menchaca
Batting: RHB Omer Yurtseven 0-0: Foul Ball, location: 2F
0-1: Ball
1-1: Fly out, F6 (Popup, 56D)
Batting: LHB Raymond Graham 0-0: Ball
1-0: Called Strike
1-1: Foul Ball, location: 2F
1-2: Ball
2-2: Ball
3-2: Base on Balls
Batting: LHB Marcel Escoda 0-0: Foul Ball, location: 2F
0-1: SINGLE (Line Drive, 56S)
Raymond Graham to second
Batting: RHB Greg Schiff 0-0: DOUBLE (Line Drive, 8LD)
Raymond Graham scores
Marcel Escoda to third
Runner from 3rd tries for Home, SAFE, no throw
Batting: RHB Martinus Xhaka 0-0: Called Strike
0-1: Fly out, F5 (Popup, 5S)
Batting: RHB Bastiaan Trommel 0-0: Ball
Greg Schiff is caught stealing 3rd base
Bottom of the 3rd over - 2 run(s), 2 hit(s), 0 error(s), 0 left on base; Yellowknife 0 - South Beach 2
TOP OF THE 4TH
Yellowknife Dragonblood batting - Pitching for South Beach Blaze : LHP Toyozo Yoshida
Batting: RHB Alejandro Bracamonte 0-0: Ball
1-0: Swinging Strike
1-1: Called Strike
1-2: Ball
2-2: Fly out, F8 (Flyball, 89D)
Batting: RHB Sergio Peña 0-0: Ball
1-0: Foul Ball, location: 2F
1-1: Fly out, F7 (Line Drive, 7)
Batting: SHB Miguel Herrera 0-0: Ball
1-0: Swinging Strike
1-1: Ball
2-1: Called Strike
2-2: Strikes out swinging
Top of the 4th over - 0 run(s), 0 hit(s), 0 error(s), 0 left on base; Yellowknife 0 - South Beach 2
BOTTOM OF THE 4TH
South Beach Blaze batting - Pitching for Yellowknife Dragonblood : RHP Julián Menchaca
Batting: RHB Bastiaan Trommel 0-0: Ball
1-0: Ball
2-0: Ground out 1-3 (Groundball, 15S)
Batting: LHB Ramiro Ramos 0-0: Called Strike
0-1: Ball
1-1: Fly out, F4 (Line Drive, 4M)
Batting: RHB António Ramírez 0-0: Called Strike
0-1: Called Strike
0-2: Ball
1-2: Fly out, F7 (Flyball, 7)
Bottom of the 4th over - 0 run(s), 0 hit(s), 0 error(s), 0 left on base; Yellowknife 0 - South Beach 2
TOP OF THE 5TH
Yellowknife Dragonblood batting - Pitching for South Beach Blaze : LHP Toyozo Yoshida
Batting: RHB Manny García 0-0: Called Strike
0-1: Ball
1-1: Called Strike
1-2: Ball
2-2: Fly out, F7 (Flyball, 7)
Batting: RHB Manuel Ramos 0-0: Ball
1-0: Called Strike
1-1: Foul Ball, location: 2F
1-2: Foul Ball, location: 2F
1-2: Ball
2-2: Strikes out swinging
Batting: RHB Orlando Moruga 0-0: Ball
1-0: Called Strike
1-1: Ball
2-1: Ball
3-1: Swinging Strike
3-2: Strikes out swinging
Top of the 5th over - 0 run(s), 0 hit(s), 0 error(s), 0 left on base; Yellowknife 0 - South Beach 2
BOTTOM OF THE 5TH
South Beach Blaze batting - Pitching for Yellowknife Dragonblood : RHP Julián Menchaca
Batting: RHB Shizuo Heiwajaima 0-0: Called Strike
0-1: Foul Ball, location: 2F
0-2: Ball
1-2: Ball
2-2: Strikes out swinging
Batting: RHB Omer Yurtseven 0-0: Called Strike
0-1: Swinging Strike
0-2: Ball
1-2: Fly out, F3 (Popup, 34)
Batting: LHB Raymond Graham 0-0: Swinging Strike
0-1: Ball
1-1: Foul Ball, location: 2F
1-2: Ball
2-2: Strikes out swinging
Bottom of the 5th over - 0 run(s), 0 hit(s), 0 error(s), 0 left on base; Yellowknife 0 - South Beach 2
TOP OF THE 6TH
Yellowknife Dragonblood batting - Pitching for South Beach Blaze : LHP Toyozo Yoshida
Batting: RHB Chong-yee Au-Yong 0-0: Foul Ball, location: 2F
0-1: Swinging Strike
0-2: Ground out 5-3 (Groundball, 56S)
Batting: SHB Peer van Lochem 0-0: Called Strike
0-1: Called Strike
0-2: Ball
1-2: Foul Ball, location: 2F
1-2: Strikes out swinging
Batting: SHB Barney Heise 0-0: Called Strike
0-1: Ball
1-1: Foul Ball, location: 2F
1-2: Ball
2-2: Fly out, F4 (Popup, 4MD)
Top of the 6th over - 0 run(s), 0 hit(s), 0 error(s), 0 left on base; Yellowknife 0 - South Beach 2
BOTTOM OF THE 6TH
South Beach Blaze batting - Pitching for Yellowknife Dragonblood : RHP Julián Menchaca
Batting: LHB Marcel Escoda 0-0: Ball
1-0: Swinging Strike
1-1: Foul Ball, location: 2F
1-2: Strikes out swinging
Batting: RHB Greg Schiff 0-0: Ball
1-0: Called Strike
1-1: Foul Ball, location: 2F
1-2: Ball
2-2: SINGLE (Groundball, 56D)
Batting: RHB Martinus Xhaka 0-0: Swinging Strike
0-1: DOUBLE (Line Drive, 7LD)
Greg Schiff to third
Batting: RHB Bastiaan Trommel 0-0: Reached on error, E5 (Groundball, 56S)
Greg Schiff scores
Martinus Xhaka scores
Batting: LHB Ramiro Ramos 0-0: Intentional Walk
Batting: RHB António Ramírez 0-0: Called Strike
0-1: Fielders Choice at 2nd, 1-6 (Groundball, P)
Bastiaan Trommel to third
Batting: RHB Shizuo Heiwajaima 0-0: Called Strike
0-1: Fielders Choice at 2nd, 6-4 (Groundball, 6)
Bottom of the 6th over - 2 run(s), 2 hit(s), 1 error(s), 1 left on base; Yellowknife 0 - South Beach 4
TOP OF THE 7TH
Yellowknife Dragonblood batting - Pitching for South Beach Blaze : LHP Toyozo Yoshida
Batting: RHB Alejandro Bracamonte 0-0: Called Strike
0-1: Ball
1-1: Swinging Strike
1-2: Foul Ball, location: 2F
1-2: Foul Ball, location: 2F
1-2: Strikes out looking
Batting: RHB Sergio Peña 0-0: Ball
1-0: Ground out 6-3 (Groundball, 6)
Batting: SHB Miguel Herrera 0-0: Foul Ball, location: 2F
0-1: Ball
1-1: Ball
2-1: Ball
3-1: Ground out 5-3 (Groundball, 5S)
Top of the 7th over - 0 run(s), 0 hit(s), 0 error(s), 0 left on base; Yellowknife 0 - South Beach 4
BOTTOM OF THE 7TH
South Beach Blaze batting - Pitching for Yellowknife Dragonblood : RHP Julián Menchaca
Batting: RHB Omer Yurtseven 0-0: Called Strike
0-1: Fly out, F8 (Line Drive, 89M)
Batting: LHB Raymond Graham 0-0: Ball
1-0: Ball
2-0: Ground out U3 (Groundball, 34)
Batting: LHB Marcel Escoda 0-0: Called Strike
0-1: Swinging Strike
0-2: Fly out, F9 (Flyball, 9)
Bottom of the 7th over - 0 run(s), 0 hit(s), 0 error(s), 0 left on base; Yellowknife 0 - South Beach 4
TOP OF THE 8TH
Yellowknife Dragonblood batting - Pitching for South Beach Blaze : LHP Toyozo Yoshida
Batting: RHB Manny García 0-0: Called Strike
0-1: Ball
1-1: Called Strike
1-2: Strikes out looking
Batting: RHB Manuel Ramos 0-0: Ball
1-0: Ball
2-0: Called Strike
2-1: Ball
3-1: Foul Ball, location: 2F
3-2: Strikes out swinging
Batting: RHB Orlando Moruga 0-0: Ball
1-0: Foul Ball, location: 2F
1-1: Foul Ball, location: 2F
1-2: Ball
2-2: Ground out 4-3 (Groundball, 4)
Top of the 8th over - 0 run(s), 0 hit(s), 0 error(s), 0 left on base; Yellowknife 0 - South Beach 4
BOTTOM OF THE 8TH
South Beach Blaze batting - Pitching for Yellowknife Dragonblood : RHP Julián Menchaca
Batting: RHB Greg Schiff 0-0: Ball
1-0: DOUBLE (Groundball, 5L)
Pitching: RHP James Stanton
Batting: RHB Martinus Xhaka 0-0: Ball
1-0: Called Strike
1-1: Swinging Strike
1-2: Foul Ball, location: 2F
1-2: Foul Ball, location: 2F
1-2: Ball
2-2: Foul Ball, location: 2F
2-2: Strikes out swinging
Batting: RHB Bastiaan Trommel 0-0: Ball
1-0: Ground out 5-3 (Groundball, 5L)
Batting: LHB Ramiro Ramos 0-0: Foul Ball, location: 2F
0-1: Ball
1-1: Ball
2-1: Ball
3-1: Called Strike
3-2: Fly out, F7 (Flyball, 7LM)
Bottom of the 8th over - 0 run(s), 1 hit(s), 0 error(s), 1 left on base; Yellowknife 0 - South Beach 4
TOP OF THE 9TH
Yellowknife Dragonblood batting - Pitching for South Beach Blaze : LHP Toyozo Yoshida
Pitching: RHP Vicente Matos
Batting: RHB Chong-yee Au-Yong 0-0: Ground out 5-3 (Groundball, 56)
Batting: SHB Peer van Lochem 0-0: Called Strike
0-1: Ball
1-1: Foul Ball, location: 2F
1-2: Ground out 4-3 (Groundball, 4)
Batting: SHB Barney Heise 0-0: Ball
1-0: Ball
2-0: Ball
3-0: Base on Balls
Batting: RHB Alejandro Bracamonte 0-0: Called Strike
0-1: Foul Ball, location: 2F
0-2: Ground out 4-3 (Groundball, 4D)
Top of the 9th over - 0 run(s), 0 hit(s), 0 error(s), 1 left on base; Yellowknife 0 - South Beach 4
Saturday, May 26th, 2018 - OOTP Baseball 17.12 Build 75